 Dungeon Crawl Stone Soup version 0.26.1-15-g04117e645d (webtiles) character file.

Game seed: 3503613593807308198

13071 Froggeryz the Cleaver (level 12, -5/80 HPs)
             Began as an Octopode Berserker on July 31, 2022.
             Was the Champion of Trog.
             Slain by a phantasmal warrior (18 damage)
             ... led by a death knight
             ... on level 11 of the Dungeon.
             The game lasted 00:15:37 (14727 turns).

Froggeryz the Cleaver (Octopode Berserker)         Turns: 14727, Time: 00:15:38

Health: -5/80      AC:  2    Str: 25    XL:     12   Next: 2%
Magic:  0/12       EV: 21    Int: 10    God:    Trog [******]
Gold:   577        SH:  0    Dex: 19    Spells: 11/11 levels left

rFire    + + .     SeeInvis .   a - +0 hand axe
rCold    + . .     Faith    .   (no shield)
rNeg     . . .     Spirit   +   L - +1 hat
rPois    +         Reflect  .   E - amulet of guardian spirit
rElec    .         Harm     .   c - +6 ring of dexterity
rCorr    +         Rampage  .   o - ring of protection from fire
Will     .....                  r - ring of willpower (curse)
Stlth    ++++......             C - +6 ring of strength
HPRegen  0.23/turn              q - ring "Mehamm" {rPois rF+ rC+ Will-}
MPRegen  0.13/turn              H - ring of resist corrosion
                                (no ring)
                                (no ring)

@: berserk cooldown
A: almost no armour, stealthy swim, amphibious, 8 rings, constrict 8, camouflage
1, gelatinous body 1
a: Renounce Religion, Berserk, Trog's Hand, Brothers in Arms


You were on level 11 of the Dungeon.
You worshipped Trog.
Trog was exalted by your worship.
You visited 1 branch of the dungeon, and saw 11 of its levels.
You also visited: Sewer and Ossuary.

You collected 804 gold pieces.
You spent 227 gold pieces at shops.

Inventory:

Hand Weapons
 a - a +0 hand axe (weapon)
 x - a +2 dagger of venom
Missiles
 j - 8 curare-tipped darts
 p - 77 poisoned darts (quivered)
 t - 8 boomerangs
 I - a throwing net
Armour
 L - a +1 hat (worn)
Jewellery
 c - a +6 ring of dexterity (left tentacle)
 o - a ring of protection from fire (right tentacle)
 q - the ring "Mehamm" (on tentacle) {rPois rF+ rC+ Will-}
   (You acquired it on level 8 of the Dungeon)

   [ring of poison resistance]

   It protects you from fire.
   It protects you from cold.
   It protects you from poison.
   It affects your willpower, your defense against some magical effects.
 r - a cursed ring of willpower (on tentacle)
 C - a +6 ring of strength (on tentacle)
 E - an amulet of guardian spirit (around mantle)
 H - a ring of resist corrosion (on tentacle)
Wands
 y - a wand of polymorph (8)
 A - a wand of acid (8)
 D - a wand of flame (10)
 G - a wand of enslavement (9)
 K - a wand of random effects (19)
Scrolls
 d - 4 scrolls of immolation
 g - 2 scrolls of fear
 i - 6 scrolls of magic mapping
 l - 8 scrolls of teleportation
 w - 2 scrolls of blinking
 z - a scroll of holy word
 B - 5 scrolls of remove curse
 F - 2 scrolls of fog
 M - a scroll of identify
Potions
 b - 5 potions of flight {unknown}
 e - 3 potions of ambrosia
 f - a potion of berserk rage {unknown}
 h - 7 potions of curing {unknown}
 k - 2 potions of degeneration {unknown}
 m - 3 potions of mutation {unknown}
 n - 2 potions of resistance {unknown}
 s - 2 potions of might {unknown}
 u - 5 potions of heal wounds
 v - 6 potions of lignification
 J - a potion of brilliance {unknown}


   Skills:
 - Level 6.3 Fighting
 - Level 14.0 Axes
 * Level 6.7 Throwing
 - Level 9.2 Dodging
 - Level 3.1 Stealth


You had 11 spell levels left.
You didn't know any spells.
Your spell library was empty.

Dungeon Overview and Level Annotations

Branches:
Dungeon (11/15)            Temple (0/1) D:6            Lair (0/6) D:10
  Sewer (visited)         Ossuary (visited)
    Orc: D:9-12

Altars:
Elyvilon
Fedhas
Gozag
Kikubaaqudgha
Makhleb
Ru
Vehumet
Wu Jian

Shops:
D:9 *

Annotations:
D:6 2 transporters, kthxbai's ghost, novice FoAK
D:8 2 transporters


Innate Abilities, Weirdness & Mutations

You cannot wear most types of armour.
You are very stealthy in the water. (Stealth+)
You are amphibious.
You can wear up to eight rings at the same time.
You can use your tentacles to constrict eight enemies at once.
Your skin changes colour to match your surroundings (Stealth+).
Your rubbery body absorbs attacks. (AC +1, EV +1)


Message History

You hit the phantasmal warrior but do no damage.
Your squeeze misses the phantasmal warrior.
The phantasmal warrior is lightly damaged.
You closely miss the phantasmal warrior.
The phantasmal warrior is lightly damaged.
The phantasmal warrior hits you!
* * * LOW HITPOINT WARNING * * *
You're still recovering from your berserk rage.
You barely miss the phantasmal warrior.
You squeeze the phantasmal warrior, but do no damage.
The phantasmal warrior is lightly damaged.
Okay, then.
Unknown command.
Press: ? - help, v - describe, . - travel
Here: a phantasmal warrior (lightly damaged)
The floor.
As you read the scroll of fear, it crumbles to dust.
You assume a fearsome visage.
The phantasmal warrior is unaffected.
The phantasmal warrior hits you!!
You die...

####.#####.#.#
.....#...#.#.#
####.#.#.#.#.#####
#....#.#.#.#.....#
#........#.#####.#
.........#...# #.#
#######..###.# #.#
.............# #.#
...##..####### #@#
.#.....#.....# #W#
'#..#..#.###.# #.#
.(..####.#
#.###.###
..p......#
#.......#
(.W.######
######### ##..#
.p..# ..#.#


You could see a phantasmal warrior.

Vanquished Creatures
  Gastronok (D:10)
  Harold (D:8)
  A death knight (D:10)
  2 two-headed ogres
  An ugly thing (D:11)
  Maurice (D:8)
  A centaur skeleton (D:9)
  Grinder (Sewer)
  Prince Ribbit (D:6)
  5 yaks (D:10)
  3 wraiths (D:11)
  2 wyverns (D:9)
  Eustachio (D:5)
  3 water moccasins
  2 orc warriors (D:7)
  3 ice beasts
  A sky beast (D:9)
  4 centaurs
  4 ogres
  11 big kobolds
  A gnoll sergeant (D:8)
  3 bullfrogs
  A water moccasin zombie (D:7)
  2 scorpions
  14 killer bees
  7 wights (D:7)
  3 howler monkeys
  2 electric eels
  A quasit (Sewer)
  5 centaur zombies
  2 bullfrog skeletons
  6 hounds
  A jelly (D:6)
  8 orc priests
  Ijyb (D:4)
  2 iguanas (D:9)
  7 orc wizards
  4 worker ants
  A killer bee zombie (D:9)
  4 big kobold zombies
  A hound zombie (D:5)
  A hound skeleton (D:9)
  5 mummies (Ossuary)
  A howler monkey zombie (D:10)
  13 gnolls
  18 adders
  4 shadow imps
  3 white imps
  5 ufetubi
  An ooze (D:3)
  An adder zombie (Sewer)
  An adder skeleton (D:9)
  4 worms
  4 dart slugs
  4 leopard geckos
  28 orcs
  A bat zombie (Sewer)
  5 giant cockroaches
  8 goblins
  7 hobgoblins
  6 jackals
  80 kobolds
  7 quokkas
  5 ball pythons
  11 bats
  6 frilled lizards
  2 hobgoblin zombies (Ossuary)
  A kobold zombie (Sewer)
  A leopard gecko zombie (D:6)
  8 rats
366 creatures vanquished.

Vanquished Creatures (others)
  A wight (D:7)
  A kobold zombie (Sewer)
  6 fungi (D:8)
  8 plants
16 creatures vanquished.

Grand Total: 382 creatures vanquished

Notes
Turn   | Place    | Note
-------+----------+-------------------------------------------
     0 | D:1      | Froggeryz the Octopode Berserker began the quest for the
                  | Orb.
     0 | D:1      | Reached XP level 1. HP: 16/16 MP: 1/1
   108 | D:1      | Reached skill level 1 in Stealth
   120 | D:1      | Reached XP level 2. HP: 21/21 MP: 2/2
  1041 | D:1      | Reached XP level 3. HP: 26/26 MP: 3/3
  1431 | D:2      | Reached skill level 4 in Axes
  1917 | D:2      | Reached XP level 4. HP: 31/31 MP: 4/4
  1938 | D:2      | Reached ** piety under Trog
  1965 | D:2      | Found a blossoming altar of Fedhas.
  2462 | D:2      | Found a burning altar of Makhleb.
  2464 | D:2      | Found an ancient bone altar of Kikubaaqudgha.
  2464 | D:2      | Found an ornate altar of the Wu Jian Council.
  2882 | D:3      | Reached XP level 5. HP: 30/36 MP: 5/5
  3093 | D:3      | Found a glowing drain.
  3107 | Sewer    | Entered a sewer
  3128 | Sewer    | Reached skill level 5 in Axes
  3477 | Sewer    | Reached *** piety under Trog
  3551 | Sewer    | Found a burning altar of Makhleb.
  3551 | Sewer    | Noticed a big kobold
  3585 | Sewer    | Killed a big kobold
  3586 | Sewer    | Reached XP level 6. HP: 27/42 MP: 6/6
  3700 | Sewer    | Noticed Grinder
  3715 | Sewer    | Reached skill level 6 in Axes
  3818 | Sewer    | Killed Grinder
  3819 | Sewer    | Reached XP level 7. HP: 46/46 MP: 7/7
  3896 | Sewer    | Reached skill level 7 in Axes
  4456 | D:3      | Reached skill level 5 in Dodging
  4572 | D:3      | Reached **** piety under Trog
  4573 | D:3      | Reached XP level 8. HP: 49/52 MP: 8/8
  4765 | D:3      | Reached skill level 8 in Axes
  4784 | D:3      | HP: 2/52 [poisoned by a big kobold]
  4789 | D:3      | HP: 2/52 [poisoned by a big kobold]
  5316 | D:4      | Noticed Ijyb
  5320 | D:4      | Killed Ijyb
  5420 | D:4      | Found a sand-covered staircase.
  5430 | Ossuary  | Entered an ossuary
  5453 | Ossuary  | Reached skill level 9 in Axes
  6283 | D:4      | Reached XP level 9. HP: 53/56 MP: 9/9
  6526 | D:5      | Entered Level 5 of the Dungeon
  6538 | D:5      | Found a radiant altar of Vehumet.
  6915 | D:5      | Found an opulent altar of Gozag.
  7001 | D:5      | Noticed Eustachio
  7008 | D:5      | Killed Eustachio
  7009 | D:5      | Reached skill level 10 in Axes
  7482 | D:6      | Found a transporter.
  7484 | D:6      | Noticed kthxbai's ghost (novice FoAK)
  7495 | D:6      | Identified the cursed +0 buckler "Toymucve" {rF+}
  7497 | D:6      | Noticed Prince Ribbit
  7522 | D:6      | Killed Prince Ribbit
  7818 | D:6      | Found a staircase to the Ecumenical Temple.
  7838 | D:6      | Reached ***** piety under Trog
  7952 | D:6      | Found a transporter.
  8751 | D:7      | Reached skill level 11 in Axes
  8814 | D:7      | Identified the +8 chain mail of Grace {rC- rN++ Regen+
                  | SInv}
  9529 | D:7      | Reached XP level 10. HP: 49/63 MP: 10/10
  9999 | D:8      | Noticed Harold
 10123 | D:8      | Killed Harold
 10124 | D:8      | Reached skill level 12 in Axes
 10260 | D:8      | Noticed a manticore
 10267 | D:8      | Found a transporter.
 10640 | D:8      | Identified a scroll of acquirement
 10640 | D:8      | Acquired the ring "Mehamm" {rPois rF+ rC+ Will-}
 10653 | D:8      | Noticed an ogre mage
 10654 | D:8      | Found a transporter.
 10849 | D:8      | Noticed Maurice
 10861 | D:8      | Killed Maurice
 11613 | D:9      | Noticed a two-headed ogre
 11623 | D:9      | Killed a two-headed ogre
 11624 | D:9      | Reached skill level 13 in Axes
 11747 | D:9      | Found a radiant altar of Vehumet.
 11851 | D:9      | Found a sacrificial altar of Ru.
 11932 | D:9      | Reached XP level 11. HP: 55/70 MP: 8/11
 12099 | D:9      | Reached skill level 5 in Fighting
 12695 | D:9      | Found Fynaferr's Assorted Antiques.
 12705 | D:9      | Bought a sedimented brown potion for 29 gold pieces
 12705 | D:9      | Bought a worn fluorescent wand for 132 gold pieces
 12705 | D:9      | Bought a scroll of identify for 66 gold pieces
 12837 | D:9      | Found a white marble altar of Elyvilon.
 13087 | D:10     | Entered Level 10 of the Dungeon
 13389 | D:10     | Noticed a two-headed ogre
 13424 | D:10     | Noticed Gastronok
 13578 | D:10     | Killed Gastronok
 13783 | D:10     | Found a staircase to the Lair.
 13812 | D:10     | Reached ****** piety under Trog
 13828 | D:10     | Killed a two-headed ogre
 14263 | D:11     | Noticed a brown ugly thing
 14268 | D:11     | Killed a brown ugly thing
 14269 | D:11     | Reached skill level 14 in Axes
 14308 | D:11     | Reached skill level 5 in Throwing
 14364 | D:11     | Noticed a death knight
 14364 | D:11     | Noticed a phantasmal warrior
 14682 | D:10     | Killed a death knight
 14683 | D:10     | Reached XP level 12. HP: 80/80 MP: 12/12
 14727 | D:11     | Slain by a phantasmal warrior

Illustrated notes

Levels and vault maps discovered:
D:1:      onia_arrival_pyramid, layout_basic, interstate_on_off
D:2:      layout_basic, fedhas_altar_4, grunt_temple_overflow_open
D:3:      minmay_goblin_kobold_castle, layout_loops_ring,
          cheibrodos_sewer_entry_drain, amethyst_killhole
D:4:      layout_loops_corners, nicolae_ossuary_entry_ruins,
          guppyfry_early_lair_pool, uniq_ijyb
D:5:      layout_rooms, old_standard_altar, serial_rivers,
          chequers_serial_rivers_room_b, chequers_serial_rivers_room_a,
          chequers_serial_rivers_room_b, chequers_serial_rivers_room_b,
          chequers_serial_rivers_micro_e, chequers_serial_rivers_micro_e,
          vehumet_altar_wand_db, uniq_eustachio
D:6:      layout_basic, minmay_temple_entry_hall, gammafunk_ghost_gnarly_gnolls,
          uniq_prince_ribbit1
D:7:      layout_loops_ring, lemuel_flame_loot_1
D:8:      gammafunk_sealed_arena, layout_loops_cross, fungi_pond_lemuel,
          kennysheep_generic_room_6, uniq_maurice, uniq_harold
D:9:      layout_gridville, minitemple, general_overflow_altar, serial_shops,
          nicolae_shop_statue_plus, nrook_pool_corridor
D:10:     layout_rooms, lair_entry_dummy, uniq_gastronok
D:11:     layout_basic

Skill      XL: |  1  2  3  4  5  6  7  8  9 10 11 |
---------------+----------------------------------+-----
Stealth        | 1 2 3 |  3.1
Axes           | 4 5 6 7 9 11 13 14 | 14.0
Dodging        | 4 5 6 8 9 |  9.2
Fighting       | 4 6 |  6.3
Throwing       | 6 |  6.7

Action                   |  1- 3 |  4- 6 |  7- 9 | 10-12 || total
-------------------------+-------+-------+-------+-------++-------
Melee: Hand axe          |    59 |   109 |   360 |   380 ||   908
       Constrict         |    16 |    33 |    93 |    70 ||   212
       Tentacles         |     9 |    36 |   122 |   154 ||   321
Throw: Dart              |       |       |    10 |     6 ||    16
Invok: Trog's Hand       |       |     1 |     2 |     3 ||     6
       Berserk           |       |     1 |     1 |     5 ||     7
Evoke: Wand              |       |       |       |     2 ||     2
  Use: Scroll            |       |       |     6 |    15 ||    21
       Potion            |       |       |     3 |       ||     3
 Stab: Sleeping          |     9 |     9 |    19 |    20 ||    57
Armor: Skin              |     3 |     9 |    13 |     3 ||    28
Dodge: Dodged            |    30 |    87 |   295 |   241 ||   653
